 Dungeon Crawl Stone Soup version 0.17-a0-2127-g1cb09f6 (webtiles) character file.

101 tp1 the Magician (level 4, -4/24 HPs)
             Began as a Deep Elf Conjurer on Oct 23, 2015.
             Slain by a hippogriff (9 damage)
             ... on level 3 of the Dungeon.
             The game lasted 00:10:18 (3582 turns).

tp1 the Magician (Deep Elf Conjurer)                Turns: 3582, Time: 00:10:19

Health: -4/24      AC:  2    Str:  5    XL:     4   Next: 48%
Magic:  2/14       EV: 13    Int: 21    God:
Gold:   154        SH:  0    Dex: 15    Spells: 3 memorised, 10 levels left

rFire  . . .     SeeInvis +     y - +0 rapier
rCold  . . .     Clarity  .     w - +0 robe
rNeg   . . .     SustAt   .     (no shield)
rPois  .         Gourm    .     t - +0 hat
rElec  .         Spirit   .     (no cloak)
rCorr  .         Warding  .     (no gloves)
rMut   .         Stasis   .     (no boots)
MR     .....                    (no amulet)
Stlth  +++.......               j - ring of stealth
                                p - ring of see invisible

@: not resistant to hostile enchantments, fairly stealthy
A: no striking features
a: no special abilities


You were on level 3 of the Dungeon.
You were not hungry.

You visited 1 branch of the dungeon, and saw 3 of its levels.

You collected 154 gold pieces.

Inventory:

Hand Weapons
 i - a +0 short sword
 y - a +0 rapier (weapon)
Armour
 a - a +0 robe
 q - a +0 leather armour
 t - a +0 hat (worn)
 w - a +0 robe (worn)
Jewellery
 j - a ring of stealth (right hand)
 l - an uncursed ring of fire
 p - a ring of see invisible (left hand)
Scrolls
 d - 3 scrolls of fog {unknown}
 f - 7 scrolls of identify {unknown}
 g - 2 scrolls of teleportation {unknown}
 h - a scroll of magic mapping {unknown}
 o - a scroll of remove curse {unknown}
 s - a scroll of amnesia {unknown}
Potions
 e - a potion of curing {unknown}
 k - 2 potions of magic {unknown}
 m - 2 potions of degeneration {unknown}
 n - a potion of flight {unknown}
 r - 2 potions of ambrosia {unknown}
 u - a potion of poison {unknown}
 x - a potion of agility {unknown}
Books
 b - a book of Conjurations

   Spells                             Type                      Level
   a - Magic Dart                     Conjuration                  1
   b - Searing Ray                    Conjuration                  2
   c - Dazzling Spray                 Conjuration/Hexes            3
   d - Fulminant Prism                Conjuration/Hexes            4
   e - Iskenderun's Mystic Blast      Conjuration                  4
   f - Iskenderun's Battlesphere      Conjuration/Charms           5
Comestibles
 c - 2 bread rations


   Skills:
 - Level 2.4 Dodging
 - Level 2.4 Stealth
 + Level 6.5 Spellcasting
 - Level 4.3 Conjurations


You had 10 spell levels left.
You knew the following spells:

 Your Spells              Type           Power        Failure   Level  Hunger
a - Magic Dart            Conj           ####         1%          1    None
b - Searing Ray           Conj           ####..       1%          2    None
c - Dazzling Spray        Conj/Hex       ###.....     14%         3    #......


Dungeon Overview and Level Annotations

Branches:
Dungeon (3/15)

Altars:
Ru
Sif Muna


Message History

The hippogriff claws you but does no damage.
Casting: Magic Dart
Confirm with . or Enter, or press ? or * to list all spells.
Aiming: Magic Dart
Press: ? - help, Shift-Dir - straight line, f/p - hippogriff
Aim: a hippogriff (almost dead)
The magic dart hits the hippogriff.
The hippogriff is almost dead.
The hippogriff misses you. The hippogriff pecks you.
* * * LOW HITPOINT WARNING * * *
The hippogriff barely misses you.
Casting: Magic Dart
Confirm with . or Enter, or press ? or * to list all spells.
Aiming: Magic Dart
Press: ? - help, Shift-Dir - straight line, f/p - hippogriff
Aim: a hippogriff (almost dead)
The magic dart hits the hippogriff.
The hippogriff is almost dead.
The hippogriff bites you!
You die...

....####..........
..................
....................#.
..........(............
#.....................## #
#...................... .
#.........H...........# .##
#..........@..........###.. #
#.......................... ..
#...............#.#.#.#.##
...##........................#
....................#.#.#.#.###.
...##...............)...........
##..................#.#.#.#.#...
............................>...
##..................#.#.#.#.#...


You could see a hippogriff.

Vanquished Creatures
  3 adders (D:2)
  2 worms (D:2)
  4 giant geckos
  5 bats
  3 giant cockroaches
  7 goblins
  12 hobgoblins
  6 jackals (D:1)
  2 quokkas (D:2)
  3 giant newts
  7 kobolds
  4 rats
58 creatures vanquished.

Notes
Turn   | Place    | Note
--------------------------------------------------------------
     0 | D:1      | tp1 the Deep Elf Conjurer began the quest for the Orb.
     0 | D:1      | Reached XP level 1. HP: 10/10 MP: 6/6
   393 | D:1      | Reached XP level 2. HP: 15/15 MP: 1/8
  1285 | D:1      | Reached XP level 3. HP: 19/19 MP: 6/11
  1417 | D:1      | Reached skill level 5 in Spellcasting
  1880 | D:2      | Learned a level 2 spell: Searing Ray
  1884 | D:2      | Learned a level 3 spell: Dazzling Spray
  2066 | D:2      | Found a sacrificial altar of Ru.
  2276 | D:2      | Reached skill level 6 in Spellcasting
  2276 | D:2      | Reached XP level 4. HP: 20/24 MP: 10/14
  2748 | D:2      | Found a deep blue altar of Sif Muna.
  3260 | D:2      | Found a sacrificial altar of Ru.
  3348 | D:2      | Found a deep blue altar of Sif Muna.
  3520 | D:3      | Noticed a hippogriff
  3582 | D:3      | Slain by a hippogriff

Vault maps used:
D:1:      lemuel_arrival_room
D:2:      lemuel_blue_sif_altar, minmay_misc_feat_diagonals,
          serial_bayou_pond_a, solitary_fountain, minmay_misc_feat_columns,
          nicolae_ru_path_of_blood
D:3:      overflow_temple_1_default, minivault_4, st_stairs_9,
          minmay_close_crescents

Action                   |  1- 3 |  4- 6 || total
-------------------------+-------+-------++-------
Melee: Unarmed           |     3 |       ||     3
 Cast: Magic Dart        |    93 |    48 ||   141
       Searing Ray       |     3 |     6 ||     9
  Eat: Chunk             |     2 |     2 ||     4
       Beef jerky        |     1 |       ||     1
       Meat ration       |       |     1 ||     1
